 Dungeon Sprint DCSS version 0.28-a0-529-g3bad584f25 (webtiles) character file.

Game seed: 9475768777375821792

4 varam the Ogre Mage (level 1, -6/16 HPs)
             Began as an Ogre Hedge Wizard on Sept 24, 2021.
             Was an Initiate of Cheibriados.
             Mangled by a river rat (7 damage)
             ... in the Dungeon (Sprint VII: "The Pits").
             The game lasted 00:03:38 (352 turns).

varam the Ogre Mage (Ogre Hedge Wizard)              Turns: 352, Time: 00:03:38

Health: -6/16      AC:  3    Str: 14    XL:     1   Next: 70%
Magic:  2/5        EV:  9    Int: 16    God:    Cheibriados [......]
Gold:   0          SH:  0    Dex:  9    Spells: 7/8 levels left

rFire   . . .      SeeInvis .   d - +2 mace
rCold   . . .      Faith    .   (no shield)
rNeg    . . .      Spirit   .   b - +0 robe
rPois   .          Reflect  .   c - +0 hat
rElec   .          Harm     .   (no cloak)
rCorr   .          Rampage  .   (gloves unavailable)
Will    .....      NoTele   +   (boots unavailable)
Stlth   +.........              (no amulet)
HPRegen 0.05/turn               (no ring)
MPRegen 0.09/turn               (no ring)

@: very slow
A: large, unfitting armour, tough skin 1
a: Renounce Religion, Bend Time


You were in the Dungeon.
You worshipped Cheibriados.
Cheibriados was noncommittal.
You visited 1 branch

Inventory:

Hand Weapons
 a - a +0 dagger
 d - a +2 mace (weapon)
   (You found it in the Dungeon)
Missiles
 l - 10 stones
Armour
 b - a +0 robe (worn)
 c - a +0 hat (worn)
Scrolls
 i - a scroll of summoning
 j - 5 scrolls of amnesia
 k - 2 scrolls of vulnerability
 z - a scroll of blinking
Potions
 e - 2 potions of invisibility
 f - 3 potions of berserk rage
 g - 4 potions of magic
 h - a potion of haste
 q - a potion of curing
 w - a potion of heal wounds


   Skills:
 + Level 0.0 Fighting
 - Level 1.7 Dodging
 - Level 1.4 Stealth
 + Level 4.4 Spellcasting
 * Level 2.2 Conjurations
 - Level 0.8 Summonings
 - Level 0.8 Translocations


You had 7 spell levels left.
You knew the following spells:

 Your Spells              Type           Power      Damage    Failure   Level
a - Magic Dart            Conj           40%        1d5       6%          1

Your spell library contained the following spells:

 Spells                   Type           Power      Damage    Failure   Level
 Blink                    Tloc           N/A        N/A       17%         2
 Call Imp                 Summ           6%         N/A       17%         2
 Slow                     Hex            3%         N/A       24%         2
 Conjure Flame            Conj/Fire      7%         6-21      30%         3
 Mephitic Cloud           Conj/Pois/Air  5%         N/A       34%         3


Dungeon Overview and Level Annotations

Branches:
Dungeon (1/1)

Altars:
Ashenzari
Cheibriados
Dithmenos
Elyvilon
Fedhas
Gozag
Hepliaklqana
Kikubaaqudgha
Makhleb
Nemelex Xobeh
Okawaru
Qazlal
Ru
Sif Muna
Trog
Uskayaw
Vehumet
Wu Jian
Xom
Yredelemnul
Zin
The Shining One
Beogh
Jiyva
Lugonu


Innate Abilities, Weirdness & Mutations

You are too large for most types of armour.
You have tough skin. (AC +1)


Message History

You open the door.
There is an open door here.
You see here a rat skeleton.
Unknown command.
Casting: Magic Dart (safe; 6% risk of failure)
Confirm with . or Enter, or press ? or * to list all spells.
Aiming: Magic Dart (safe; 6% risk of failure)
Press: ? - help, Shift-Dir - straight line, f - river rat
Aim: a river rat (100% to hit)
The magic dart hits the river rat.
The river rat is lightly wounded.
Unknown command.
Unknown command.
Unknown command.
Casting: Magic Dart (safe; 6% risk of failure)
Confirm with . or Enter, or press ? or * to list all spells.
Aiming: Magic Dart (safe; 6% risk of failure)
Press: ? - help, Shift-Dir - straight line, f/p - river rat
Aim: a river rat (lightly wounded, 100% to hit)
The magic dart hits the river rat.
The river rat is moderately wounded.
The river rat bites you.
Casting: Magic Dart (safe; 6% risk of failure)
Confirm with . or Enter, or press ? or * to list all spells.
Aiming: Magic Dart (safe; 6% risk of failure)
Press: ? - help, Shift-Dir - straight line, f/p - river rat
Aim: a river rat (moderately wounded, 100% to hit)
The magic dart hits the river rat but does no damage.
The river rat is moderately wounded.
The river rat bites you.
You hit the river rat.
The river rat is moderately wounded.
The river rat bites you but does no damage.
You barely miss the river rat.
The river rat is moderately wounded.
The river rat bites you!
Ouch! That really hurt!
* * * LOW HITPOINT WARNING * * *
The river rat bites you!
You die...

#_________.#
#_________.#
#_______...###########++
##########'##...........
#....')))'.##......#..#.
##########.##...........
#...........'...........
#+#####'#####......#..#.
#S..#@# #...........
#...#r# ####'#####++
#...'.# #.......#
##+#### #.......#
#.......# #...<...#
#.......# #.......#
#.......#


You could see a river rat.

Vanquished Creatures
  An adder zombie (D)
  A frilled lizard (D)
  A rat (D)
3 creatures vanquished.

Notes
Turn   | Place    | Note
-------+----------+-------------------------------------------
     0 | D        | varam the Ogre Hedge Wizard began the quest for the Orb.
     0 | D        | Reached XP level 1. HP: 16/16 MP: 5/5
    18 | D        | Reached skill level 4 in Spellcasting
   302 | D        | Found a glowing golden altar of the Shining One.
   302 | D        | Found a glowing silver altar of Zin.
   302 | D        | Found a basalt altar of Yredelemnul.
   302 | D        | Found a shimmering altar of Xom.
   302 | D        | Found an ornate altar of the Wu Jian Council.
   302 | D        | Found a bloodstained altar of Trog.
   302 | D        | Found a shimmering blue altar of Sif Muna.
   302 | D        | Found a sacrificial altar of Ru.
   302 | D        | Found a stormy altar of Qazlal.
   302 | D        | Found an iron altar of Okawaru.
   302 | D        | Found a sparkling altar of Nemelex Xobeh.
   302 | D        | Found a burning altar of Makhleb.
   302 | D        | Found a viscous altar of Jiyva.
   302 | D        | Found a hazy altar of Hepliaklqana.
   302 | D        | Found an opulent altar of Gozag.
   302 | D        | Found a blossoming altar of Fedhas.
   302 | D        | Found a white marble altar of Elyvilon.
   302 | D        | Found a shadowy altar of Dithmenos.
   302 | D        | Found a snail-covered altar of Cheibriados.
   303 | D        | Found a radiant altar of Vehumet.
   303 | D        | Found a corrupted altar of Lugonu.
   304 | D        | Found a hide-covered altar of Uskayaw.
   304 | D        | Found an ancient bone altar of Kikubaaqudgha.
   304 | D        | Found a broken altar of Ashenzari.
   310 | D        | Became a worshipper of Cheibriados the Contemplative
   352 | D        | Mangled by a river rat

Illustrated notes

Levels and vault maps discovered:
D:        pitsprint [storerooms_1, entrance_room_1, metal_vault_3, armoury_1,
          mini_pit_1, grid_room_1, main_hall_1, silver_pit, the_coven_2,
          the_vestibule_1, steel_vault_5, golden_pit, hallway_of_sentries,
          crystal_vault_3, iron_vault_4, final_vault]

Skill      XL: |  1 |
---------------+----+-----
Spellcasting   | 4 |  4.4
Conjurations   | 2 |  2.2
Dodging        | |  1.7
Stealth        | |  1.4
Summonings     | |  0.8
Translocations | |  0.8

Action                   || total
-------------------------++-------
Melee: Dagger            ||     5
       Mace              ||     2
 Cast: Magic Dart        ||     8
 Stab: Sleeping          ||     2
Armor: Robe              ||     3
Dodge: Dodged            ||     2

Table legend: (Time is in decaauts)
 A = Elapsed time spent in this place.
 B = Non-inter-level travel time spent in this place.
 C = Inter-level travel time spent in this place.
 D = Time resting spent in this place.
 E = Time spent auto-exploring this place.
 F = Levels seen in this place.
 G = Mean time per level.
                   A        B        C        D        E       F      G
               +--------+--------+--------+--------+--------+-----+--------+
         Total |    360 |    360 |      0 |    240 |      0 |   1 |  360.0 |
       Dungeon |    360 |    360 |      0 |    240 |      0 |   1 |  360.0 |
               +--------+--------+--------+--------+--------+-----+--------+

Top non-repeatable levels by time:
       D: 360 daAuts
